Map: Automaton LE

Players

Sketchaphone - Winner!

  • Race: Zerg Zerg
  • League: Platinum
  • Spawn Location: 3:00

Bugsplatter

  • Race: Zerg Zerg
  • League: Platinum
  • Spawn Location: 9:00

VOD

Have the link to the VOD?

Description

Time

  • Played on: March 5, 2019, 10:01 p.m.
  • Length: 6:18
Show
View Real Time Build Order
Export as new Build Order

Sketchaphone Zerg - Winner!

Build Orders: Hatch First 

Get SALT Encoding   

  12  0:01  Drone  
  13  0:13  Overlord  
  13  0:20  Drone  
  14  0:23  Extractor  
  14  0:27  Drone  
  14  0:31  Drone  
  14  0:35  Drone  
  17  0:57  Hatchery  
  17  1:00  Drone  
  17  1:02  Extractor  
  16  1:05  Drone  
  17  1:23  Spawning Pool  
  16  1:37  Drone  
  16  1:38  Overlord  
  16  1:39  Drone  
  18  1:49  Drone  
  19  2:04  Drone  
  20  2:09  Metabolic Boost  
  20  2:10  Queen  
  20  2:13  Drone  
  23  2:18  Drone  
  25  2:22  Zergling x2  
  25  2:24  Drone  
  26  2:34  Spine Crawler, Zergling x2  
  26  2:35  Zergling x2  
  27  2:43  Zergling x4  
  28  2:59  Drone  
  28  3:02  Evolution Chamber  
  28  3:03  Drone x2  
  31  3:09  Spine Crawler  
  30  3:15  Drone  
  30  3:16  Overlord, Drone  
  32  3:33  Zergling x8  
  36  3:38  Zerg Melee Weapons Level 1  
  36  3:39  Zergling x4  
  36  3:40  Queen  
  39  3:55  Zergling x2  
  39  3:56  Zergling x2  
  39  3:58  Zergling x2  
  39  4:01  Overlord  
  42  4:09  Zergling x2  
  43  4:11  Zergling x2  
  44  4:18  Queen  
  44  4:19  Spine Crawler  
  44  4:22  Zergling x8  
  49  4:26  Overlord  
  49  4:30  Zergling x2  
  49  4:39  Zergling x2  
  49  4:45  Zergling x8  
  48  4:52  Lair  
  47  4:53  Drone x3  
  47  4:55  Drone  
  49  5:02  Drone  
  46  5:14  Zergling x2  
  46  5:15  Zergling x4  
  46  5:19  Drone  
  49  5:24  Queen  
  49  5:26  Drone x3  
  51  5:28  Extractor x2  
  48  5:41  Drone x3  
  50  5:43  Zergling x2  
  50  5:51  Zergling x4  
  50  5:55  Zergling x6  
  52  6:03  Extractor  
  51  6:06  Drone x3  
  51  6:10  Hatchery  
Show
View Real Time Build Order
Export as new Build Order

Bugsplatter Zerg 

Build Orders: Pool First 

Get SALT Encoding   

  12  0:01  Drone  
  13  0:13  Overlord  
  13  0:18  Drone  
  14  0:31  Drone x2  
  16  0:37  Drone  
  17  0:46  Spawning Pool  
  16  0:51  Drone  
  17  1:00  Drone  
  18  1:17  Hatchery  
  17  1:20  Drone  
  17  1:22  Drone  
  19  1:26  Extractor  
  18  1:37  Zergling x2  
  19  1:45  Drone  
  20  1:50  Overlord  
  21  2:01  Drone  
  21  2:08  Queen  
  23  2:16  Drone  
  24  2:31  Queen  
  24  2:33  Drone x2  
  28  2:44  Drone x2  
  28  2:45  Drone  
  31  3:09  Roach Warren  
  30  3:22  Evolution Chamber  
  29  3:28  Drone x5  
  29  3:29  Drone  
  29  3:31  Extractor  
  33  3:42  Lair  
  33  3:43  Queen  
  33  3:46  Overlord  
  33  3:48  Overlord x2  
  35  4:01  Overlord x2  
  35  4:07  Zerg Missile Weapons Level 1  
  35  4:12  Roach x2  
  35  4:13  Roach x3  
  45  4:21  Evolution Chamber  
  44  4:38  Roach x5  
  40  4:52  Roach x2  
  26  5:18  Roach x3  
  27  5:22  Drone x2  
  27  5:23  Drone  
  24  5:30  Drone  
  23  5:45  Drone  
  23  5:46  Drone x2  
  20  5:58  Drone x2  
Tags
 
Matchup
ZvZ
Race
Zerg
Replay Pack
init
Spawn Locations
Cross Positions
Add a new tag
Caveats
  • Supply blocks, unpowered buildings, or Contaminate may cause inaccurate times.
  • Supply counts are checked every 10 seconds.